 Dungeon Crawl Stone Soup version 0.28-a0-245-g639a1a48b9 (webtiles) character file.

Game seed: 11510472142678803330

44999 robertstho the Eclecticist (level 14, -50/99 HPs)
             Began as a Djinni Fire Elementalist on Aug 24, 2021.
             Was an Initiate of Gozag.
             Shot with a bolt by a yaktaur captain (53 damage)
             ... on level 15 of the Dungeon.
             The game lasted 00:42:15 (26444 turns).

robertstho the Eclecticist (DjFE)                  Turns: 26444, Time: 00:42:17

Health: -50/99     AC:  9    Str: 15    XL:     14   Next: 68%
Gold:   694        EV: 13    Int: 22    God:    Gozag SH: 11 Dex: 16

rFire   + + +      SeeInvis +   r - +4 hand axe of the Hungering Hero {vamp, rPois rF+ Dex+2}
rCold   . . .      Faith    .   M - +2 buckler of Eternal Night {Str+2 Stlth+}
rNeg    + + .      Spirit   .   u - +0 steam dragon scales
rPois   ∞          Reflect  +   (no helmet)
rElec   +          Harm     .   K - +2 cloak
rCorr   +          Rampage  .   N - +0 pair of gloves {archery}
Will    ++...                   (boots unavailable)
Stlth   ++++......              a - amulet "Igatokh" {Reflect Str+4 SH+5}
HPRegen 0.26/turn               p - ring of see invisible
MPRegen 0.00/turn               b - ring "Tuhena Vowo" {rN++ Will+ Str+2 Slay+2}

@: resistant, gold aura, flying, very slightly contaminated, hasted, invisible,
very quick
A: sickness immunity, fire resistance 2, cold vulnerability 1, float, innate
caster, hp casting, extra vitality 1
a: Renounce Religion, Potion Petition, Call Merchant, Bribe Branch


You were on level 15 of the Dungeon.
You worshipped Gozag.
Gozag was pleased with you.
You visited 2 branches of the dungeon, and saw 16 of its levels.
You also visited: Bailey.

You collected 4209 gold pieces.
You spent 2189 gold pieces at shops.
You paid 1326 gold pieces to Gozag.

Inventory:

Hand Weapons
 r - the +4 hand axe of the Hungering Hero (weapon) {vamp, rPois rF+ Dex+2}
   (You found it on level 4 of the Dungeon)

   It occasionally heals its wielder for a portion of the damage dealt when it
   wounds a living foe.
   Dex:       It affects your dexterity (+2).
   rF:        It protects you from fire.
   rPois:     It protects you from poison.
Armour
 q - the +1 scale mail of the Engineer {Contam rPois rN++ rCorr}
   (You found it on level 4 of the Dungeon)

   rPois:     It protects you from poison.
   rN:        It greatly protects you from negative energy.
   Contam:    It causes magical contamination when unequipped.
   rCorr:     It protects you from acid and corrosion.
 s - a +2 robe of cold resistance
 u - +0 steam dragon scales (worn)
 z - a scarf of invisibility
 K - a +2 cloak (worn)
 M - the +2 buckler of Eternal Night (worn) {Str+2 Stlth+}
   (You found it on level 13 of the Dungeon)

   Str:       It affects your strength (+2).
   Stlth:     It makes you more stealthy.
 N - a +0 pair of gloves of archery (worn)
Jewellery
 a - the amulet "Igatokh" (around neck) {Reflect Str+4 SH+5}
   (You bought it in a shop on level 7 of the Dungeon)

   [amulet of reflection]

   It reflects blocked missile attacks.
   Str:       It affects your strength (+4).
   SH:        It affects your SH (+5).
 b - the ring "Tuhena Vowo" (right hand) {rN++ Will+ Str+2 Slay+2}
   (You bought it in a shop on level 7 of the Dungeon)

   [ring of willpower]

   Str:       It affects your strength (+2).
   Slay:      It affects your accuracy & damage with ranged weapons and melee
   (+2).
   rN:        It greatly protects you from negative energy.
   Will:      It increases your willpower.
 o - a ring of ice
 p - a ring of see invisible (left hand)
 t - a ring of fire
Wands
 d - a wand of acid (8)
 j - a wand of iceblast (6)
 k - a wand of digging (3)
 n - a wand of flame (120)
 G - a wand of paralysis (7)
 H - a wand of polymorph (5)
 I - a wand of mindburst (4)
Scrolls
 f - 5 scrolls of enchant weapon
 g - 5 scrolls of enchant armour
 i - 5 scrolls of teleportation
 x - 2 scrolls of vulnerability
 y - 2 scrolls of fog
 A - a scroll of torment
 C - 2 scrolls of summoning
 J - 2 scrolls of holy word
 L - a scroll of immolation
Potions
 c - a potion of cancellation
 e - a potion of haste
 l - 2 potions of lignification
 v - a potion of curing
 w - a potion of attraction
 B - a potion of might
 D - a potion of ambrosia
 E - a potion of brilliance


   Skills:
 * Level 8.6 Fighting
 + Level 1.9 Axes
 + Level 4.6 Dodging
 + Level 4.5 Stealth
 + Level 0.8 Shields
 * Level 16.3 Spellcasting
 + Level 0.5 Evocations


You had 11 spell levels left.
You knew the following spells:

 Your Spells              Type           Power      Damage    Failure   Level
a - Foxfire               Conj/Fire      100%       2x1d9     0%          1
b - Conjure Flame         Conj/Fire      74%        6-21      1%          3
c - Inner Flame           Hex/Fire       74%        N/A       1%          3
d - Sticky Flame          Conj/Fire      74%        2d9       1%          4
e - Fireball              Conj/Fire      37%        3d15      1%          5
f - Sting                 Tmut/Pois      100%       1d8       0%          1
g - Ensorcelled Hibernat  Hex/Ice        100%       N/A       0%          2
h - Summon Guardian Gole  Hex/Summ       74%        N/A       1%          3
i - Gell's Gravitas       Tloc           37%        N/A       1%          3
j - Olgreb's Toxic Radia  Pois           74%        N/A       1%          4
k - Irradiate             Conj/Tmut      37%        3d25      1%          5
Your spell library was empty.

Dungeon Overview and Level Annotations

Branches:
Dungeon (15/15)            Temple (1/1) D:5            Lair (0/6) D:8
    Orc (0/2) D:12         Vaults (0/5) D:14         Bailey (visited)
 Depths: D:15

Altars:
Ashenzari
Cheibriados
Dithmenos
Elyvilon
Fedhas
Gozag
Hepliaklqana
Kikubaaqudgha
Makhleb
Nemelex Xobeh
Okawaru
Qazlal
Ru
Sif Muna
Trog
Uskayaw
Vehumet
Wu Jian
Xom
Yredelemnul
Zin
The Shining One
Beogh

Shops:
D:3 [   D:7 =[   D:8 *=*[   D:9 (   D:14 =[

Annotations:
D:3 3 runed translucent doors, pokeman's ghost, amateur DEWz
D:4 3 runed translucent doors, Atlas's ghost, amateur DgIE
D:7 726 amulet
D:8 4 runed translucent doors, horus123's ghost, novice DDFi
D:10 2 runed translucent doors, Spaninq's ghost, journeyman OgWr
D:11 2 runed translucent doors, siradein's ghost, journeyman DsBe
D:15 Kirke


Innate Abilities, Weirdness & Mutations

You are immune to sickness and miasma.
You are immune to poison.
Your flesh is very heat resistant. (rF++)
You are vulnerable to cold. (rC-)
You float through the air rather than walking.
You learn spells naturally, not from books.
Your magical power is your life essence.
You have superior vitality. (+4 HP)


Message History

The centaur warrior is covered in liquid flames!
The centaur warrior burns!
The tengu conjurer gestures wildly while chanting.
The tengu conjurer blinks!
The yaktaur captain wields a +0 arbalest.
The yaktaur captain shoots a bolt.
The bolt hits the tengu warrior!!
You block the centaur warrior's attack. x2
You feel better. The ice encasing you melts away.
The centaur warrior burns!
Casting: Sticky Flame (safe; 1% risk of failure)
Confirm with . or Enter, or press ? or * to list all spells.
Aiming: Fireball (safe; 1% risk of failure)
Press: ? - help, Shift-Dir - straight line, f/p - centaur warrior
Aim: a centaur warrior, quivering arrows (severely wounded, covered in liquid flames, poisoned)
The fireball explodes!
The fireball engulfs the centaur warrior!!
You kill the centaur warrior!
The fireball engulfs the tengu warrior!!
The tengu warrior is severely wounded.
Unknown command.
Casting: Fireball (safe; 1% risk of failure)
Confirm with . or Enter, or press ? or * to list all spells.
Aiming: Fireball (safe; 1% risk of failure)
Press: ? - help, Shift-Dir - straight line, f - tengu warrior
Aim: a tengu warrior, wielding a +0 great sword and wearing a +0 ring mail (almost dead, wandering, poisoned, hasn't noticed you)
The fireball explodes!
The fireball engulfs the tengu warrior!!
You kill the tengu warrior!
The yaktaur captain shoots a bolt.
The bolt hits you!!!
* * * LOW HITPOINT WARNING * * *
Unknown command.
Okay, then.
As you read the scroll of fear, it crumbles to dust.
You assume a fearsome visage.
The yaktaur captain resists with almost no effort.
The yaktaur captain shoots a bolt.
The bolt hits you!!!
Ouch! That really hurt!
You die...
Your body crumbles into a pile of gold.

.##.....######..#################
####.........................(..#
###########.#.##############.#
#.#.# ......... ###### #.#.#
.######.# #....###.#.# #..
####.....#.# ### #######.# ## #@#
#. #.# #. #$# #< #.# #. #$### ##.
#...## ..... #c#..# #....
.k.......# #.### ..Q##....# # #


You could see a yaktaur captain (poisoned).

Vanquished Creatures
  Jorgrun (D:12)
  An ironbound preserver (D:14)
  Josephine (D:15)
  3 boulder beetles
  Erolcha (D:9)
  Fannar (D:10)
  5 centaur warriors
  8 two-headed ogres
  3 tengu warriors
  Erica (D:10)
  Pikel (D:8)
  5 ugly things (D:14)
  An orc knight (Bailey)
  2 deep elf pyromancers (D:12)
  6 cyclopes
  2 manticores (D:14)
  Maurice (D:11)
  A gargoyle (D:12)
  2 unseen horrors (D:11)
  An efreet (D:14)
  A kobold demonologist (D:12)
  A komodo dragon (D:13)
  A rime drake (shapeshifter) (D:15)
  A freezing wraith (D:11)
  3 tengu conjurers
  2 trolls
  A meliai (D:14)
  A queen bee (D:9)
  A hornet (D:10)
  2 centaur simulacra (D:14)
  A hog (D:14)
  5 wraiths
  Sigmund (D:2)
  A vampire (D:13)
  A yak (shapeshifter) (D:13)
  17 yaks
  Grum (D:8)
  3 wyverns
  2 basilisks
  A human (D:12)
  12 vampire mosquitoes
  2 steam dragons
  A warg (D:12)
  2 acid dragons
  4 water moccasins
  Duvessa (D:6)
  An ice beast (D:6)
  19 orc warriors
  3 necrophages
  An ogre (D:6)
  2 wolves (D:8)
  12 centaurs
  4 phantoms
  3 lemures (D:8)
  2 kobold brigands (D:12)
  3 bullfrogs
  2 gnoll sergeants (D:9)
  3 scorpions
  A wyvern zombie (D:8)
  Dowan (D:6)
  2 water moccasin skeletons
  18 killer bees
  8 wights
  2 howler monkeys
  4 centaur zombies
  A bullfrog zombie (D:7)
  14 hounds
  6 orc priests
  A jelly (D:6)
  A bullfrog skeleton (D:5)
  Crazy Yiuf (D:7)
  2 gnoll shamans
  2 iguanas
  7 orc wizards
  A killer bee zombie (D:6)
  Robin (D:4)
  25 gnolls
  9 adders
  A white imp (D:8)
  2 ufetubi (D:5)
  2 worms (D:2)
  2 dart slugs
  58 orcs
  10 ball pythons
  7 endoplasms
  4 giant cockroaches
  12 hobgoblins
  9 jackals
  17 kobolds
  5 quokkas
  4 bats
  2 frilled lizards
  15 goblins
  6 rats
434 creatures vanquished.

Vanquished Creatures (collateral kills)
  A foxfire (D:3)
1 creature vanquished.

Vanquished Creatures (others)
  A shadow (D:11)
  A yak (D:8)
  A wight (D:8)
  688 foxfires
  3 fungi (D:8)
  33 plants
727 creatures vanquished.

Grand Total: 1162 creatures vanquished

Notes
Turn   | Place    | Note
-------+----------+-------------------------------------------
     0 | D:1      | robertstho the Djinni Fire Elementalist began the quest for
                  | the Orb.
     0 | D:1      | Reached XP level 1. HP: 15/15 MP: 0/0
   274 | D:1      | Reached XP level 2. HP: 19/21 MP: 0/0
  1141 | D:1      | Reached skill level 1 in Fighting
  1141 | D:1      | Reached XP level 3. HP: 27/27 MP: 0/0
  1141 | D:1      | Learned a level 1 spell: Sting
  1751 | D:2      | Reached skill level 3 in Spellcasting
  2320 | D:2      | Reached XP level 4. HP: 29/32 MP: 0/0
  2736 | D:2      | Noticed Sigmund
  2744 | D:2      | Killed Sigmund
  2745 | D:2      | Reached skill level 4 in Spellcasting
  2745 | D:2      | Reached XP level 5. HP: 19/38 MP: 0/0
  2745 | D:2      | Learned a level 2 spell: Ensorcelled Hibernation
  2745 | D:2      | Reached XP level 6. HP: 22/43 MP: 0/0
  3537 | D:3      | Found Rioss's Armour Emporium.
  3801 | D:3      | Found a runed translucent gate.
  3801 | D:3      | Found a runed translucent gate.
  3802 | D:3      | Found a runed translucent gate.
  3844 | D:3      | Noticed pokeman's ghost (amateur DEWz)
  3994 | D:3      | Found a faded altar of an unknown god.
  4355 | D:4      | Noticed a necrophage
  4363 | D:4      | Killed a necrophage
  4364 | D:4      | Reached XP level 7. HP: 16/49 MP: 0/0
  4364 | D:4      | Learned a level 3 spell: Summon Guardian Golem
  4445 | D:4      | Reached skill level 5 in Spellcasting
  4829 | D:4      | Identified the +1 scale mail of the Engineer {Contam rPois
                  | rN++ rCorr}
  4836 | D:4      | Identified the +4 hand axe of the Hungering Hero {vamp,
                  | rPois rF+ Dex+2}
  4953 | D:4      | Noticed Robin
  4981 | D:4      | Killed Robin
  4997 | D:4      | Reached skill level 6 in Spellcasting
  5237 | D:4      | Reached XP level 8. HP: 53/55 MP: 0/0
  5572 | D:4      | Found a runed translucent gate.
  5572 | D:4      | Noticed Atlas's ghost (amateur DgIE)
  5573 | D:4      | Found a runed translucent gate.
  5574 | D:4      | Found a runed translucent gate.
  5727 | D:5      | Entered Level 5 of the Dungeon
  6428 | D:5      | Reached skill level 7 in Spellcasting
  6622 | D:5      | Found a shimmering altar of Xom.
  6624 | D:5      | Found a white marble altar of Elyvilon.
  6627 | D:5      | Found a glowing golden altar of the Shining One.
  6719 | D:5      | Found a staircase to the Ecumenical Temple.
  6972 | D:5      | Found a broken altar of Ashenzari.
  7166 | D:5      | Reached XP level 9. HP: 36/61 MP: 0/0
  7166 | D:5      | Learned a level 3 spell: Gell's Gravitas
  7795 | D:6      | Reached skill level 8 in Spellcasting
  8557 | D:6      | Noticed Duvessa
  8561 | D:6      | Killed Duvessa
  8829 | D:6      | Noticed Dowan
  8832 | D:6      | Killed Dowan
  9299 | D:7      | Found Odoochuo's Antique Armour Boutique.
  9378 | Temple   | Entered the Ecumenical Temple
  9385 | Temple   | Became a worshipper of Gozag Ym Sagoz the Greedy
  9481 | D:7      | Reached skill level 9 in Spellcasting
  9869 | D:7      | Reached XP level 10. HP: 63/69 MP: 0/0
  9952 | D:7      | Found Muacvir's Jewellery Shoppe.
 10327 | D:7      | Found a runed translucent door.
 10328 | D:7      | Noticed Crazy Yiuf
 10442 | D:7      | Killed Crazy Yiuf
 10562 | D:8      | Noticed Pikel
 10563 | D:8      | Reached skill level 1 in Axes
 10569 | D:8      | Killed Pikel
 10570 | D:8      | Reached skill level 10 in Spellcasting
 10737 | D:8      | Found Coqanequ's Armour Shop.
 10749 | D:8      | Noticed Grum
 10753 | D:8      | Killed Grum
 10977 | D:8      | Reached skill level 5 in Fighting
 11294 | D:8      | Reached XP level 11. HP: 27/75 MP: 0/0
 11294 | D:8      | Learned a level 4 spell: Olgreb's Toxic Radiance
 11321 | D:8      | Found Ypauschau's Jewellery Shoppe.
 11329 | D:8      | Reached skill level 11 in Spellcasting
 11843 | D:8      | Noticed horus123's ghost (novice DDFi)
 11878 | D:8      | Found a staircase to the Lair.
 11911 | D:8      | Found a runed translucent gate.
 11916 | D:8      | Found a runed translucent gate.
 11924 | D:8      | Found Feestryt's General Store.
 11932 | D:8      | Bought a scroll of teleportation for 45 gold pieces
 11932 | D:8      | Bought a potion of lignification for 45 gold pieces
 11932 | D:8      | Found a runed translucent door.
 11932 | D:8      | Noticed a sixfirhy
 11978 | D:8      | Found a runed translucent gate.
 12025 | D:8      | Found Qokeijih's General Store.
 12028 | D:8      | Bought a potion of might for 48 gold pieces
 12028 | D:8      | Bought a scroll of fog for 24 gold pieces
 12028 | D:8      | Bought a potion of brilliance for 48 gold pieces
 12134 | D:9      | Noticed Erolcha
 13402 | D:9      | Killed Erolcha
 13403 | D:9      | Reached skill level 12 in Spellcasting
 13780 | D:9      | Found Lettearepuo's Weapon Emporium.
 13807 | D:9      | Noticed a two-headed ogre
 13810 | D:9      | Killed a two-headed ogre
 14205 | D:9      | Noticed a two-headed ogre
 14208 | D:9      | Killed a two-headed ogre
 14298 | D:9      | Reached XP level 12. HP: 69/83 MP: 0/0
 14655 | D:10     | Entered Level 10 of the Dungeon
 14663 | D:10     | Noticed a two-headed ogre
 14667 | D:10     | Killed a two-headed ogre
 14721 | D:10     | Identified a scroll of acquirement
 14721 | D:10     | Acquired 861 gold pieces
 14939 | D:10     | Found a glowing silver altar of Zin.
 14976 | D:10     | Noticed a two-headed ogre
 14979 | D:10     | Killed a two-headed ogre
 14986 | D:10     | Reached skill level 13 in Spellcasting
 15031 | D:10     | Found a flagged portal.
 15039 | Bailey   | Entered a bailey
 16658 | Bailey   | Identified the +1 buckler "Jostruha" {MP+9 Int-5 Dex+8}
 17126 | D:10     | Noticed Erica
 17129 | D:10     | Killed Erica
 17564 | D:10     | Found a large runed translucent door.
 17566 | D:10     | Found a large runed translucent door.
 17568 | D:10     | Noticed Spaninq's ghost (journeyman OgWr)
 17899 | D:11     | Noticed Fannar
 17899 | D:11     | Noticed a boulder beetle
 17910 | D:10     | Killed Fannar
 18046 | D:11     | Killed a boulder beetle
 18462 | D:11     | Noticed Maurice
 18466 | D:11     | Killed Maurice
 18574 | D:11     | Reached skill level 14 in Spellcasting
 18574 | D:11     | Reached XP level 13. HP: 66/89 MP: 0/0
 18574 | D:11     | Learned a level 5 spell: Irradiate
 19784 | D:11     | Found a large runed translucent door.
 19784 | D:11     | Found a large runed translucent door.
 19784 | D:11     | Noticed siradein's ghost (journeyman DsBe)
 20454 | D:12     | Found a staircase to the Orcish Mines.
 20736 | D:12     | Noticed a boulder beetle
 20743 | D:12     | Killed a boulder beetle
 21259 | D:12     | Noticed Jorgrun
 21506 | D:12     | Killed Jorgrun
 21507 | D:12     | Reached skill level 15 in Spellcasting
 22621 | D:13     | Identified the +2 buckler of Eternal Night {Str+2 Stlth+}
 22741 | D:13     | Reached XP level 14. HP: 84/98 MP: 0/0
 22816 | D:13     | You are sucked into a shaft and drop 2 floors!
 22816 | D:15     | Entered Level 15 of the Dungeon
 22968 | D:15     | Noticed Josephine
 22971 | D:15     | Killed Josephine
 23276 | D:15     | Noticed Kirke
 23378 | D:14     | Found Tafeucou's Jewellery Shoppe.
 23618 | D:14     | Found Uliry's Antique Armour Boutique.
 23625 | D:14     | Bought a runed scarf for 192 gold pieces
 23625 | D:14     | Bought a pair of embroidered gloves for 180 gold pieces
 24630 | D:7      | Bought the amulet "Igatokh" {Reflect Str+4 SH+5} for 726
                  | gold pieces
 24630 | D:7      | Bought the ring "Tuhena Vowo" {rN++ Will+ Str+2 Slay+2} for
                  | 881 gold pieces
 25337 | D:14     | Reached skill level 16 in Spellcasting
 25968 | D:14     | Noticed an ironbound preserver
 25975 | D:14     | Killed an ironbound preserver
 26197 | D:14     | Found a gate to the Vaults.
 26443 | D:15     | HP: 3/99 [yaktaur captain/bolt (37)]
 26444 | D:15     | Shot with a bolt by a yaktaur captain

Illustrated notes

Levels and vault maps discovered:
D:1:      minmay_arrival_hallway, layout_basic, minmay_misc_feat_alley
D:2:      layout_basic, uniq_sigmund
D:3:      layout_loops_ring, shapermc_ecumenical_altar_mp_ritualfount,
          serial_shops, shop_fountains, ebering_ghost_rock_garden
D:4:      layout_cave_pools, biasface_ghost_orc_armoury, fountainhead,
          uniq_robin
D:5:      layout_basic, minitemple, mainiacjoe_overflow_chevrons,
          minmay_temple_entry_proselytizer, feat_on_display
D:6:      layout_basic, st_stairs_6, kennysheep_small_circle, uniq_duvessa
D:7:      layout_rooms, serial_shops, shop, eino_small_chamber_without_monster,
          minmay_misc_feat_doors, minmay_crystal_room, kennysheep_nub,
          nicolae_stop_n_shop_2, uniq_crazy_yiuf_cottage
D:8:      cheibrodos_shockbox, layout_rooms, minmay_lair_entry_grove,
          serial_shops, shop, shop, kennysheep_mini, shop,
          ebering_ghost_rock_garden, uniq_pikel, uniq_grum
D:9:      layout_cave_pools, serial_gnoll_camp, gnoll_camp_medium_02,
          gnoll_camp_mini_shop, grums_kennel, gnoll_camp_mini_doghouse,
          gnoll_camp_mini_hut, nicolae_looking_at_the_future, uniq_erolcha
D:10:     layout_layer_cave, zin_statuary, ebering_ghost_disaster_area,
          enter_bailey_2, minmay_holes, uniq_erica
D:11:     layout_stronghold, ebering_ghost_disaster_area, vehumet_altar_wand_db,
          uniq_maurice, uniq_fannar
D:12:     layout_loops_corners, erik_orc_4, serial_glass, glass_columns_b,
          glass_columns_a, glass_columns_b, glass_columns_c, item_on_display_a,
          wad_dig_loot, uniq_jorgrun
D:13:     layout_long_grid, lemuel_nasty_fountain
D:14:     layout_basic, skrybe_vaults_entry_preservation, minmay_misc_feat_five,
          serial_shops, nicolae_diamond_shop, nicolae_shop_trees,
          kennysheep_generic_room_15
D:15:     hangedman_depths_entry_try_elsewhere_first, layout_loops_ring,
          elyvilon_altar_1, minmay_ruined_shrine, uniq_agnes, uniq_josephine,
          uniq_kirke
Temple:   nicolae_temple_no_exploring_needed

Skill      XL: |  1  2  3  4  5  6  7  8  9 10 11 12 13 14 |
---------------+-------------------------------------------+-----
Fighting       | 1 2 3 4 5 6 8 |  8.6
Spellcasting   | 3 4 6 7 9 10 12 14 15 16 | 16.3
Stealth        | 2 3 4 |  4.5
Dodging        | 3 4 |  4.6
Axes           | 1 |  1.9
Shields        | |  0.8
Evocations     | |  0.5

Action                   |  1- 3 |  4- 6 |  7- 9 | 10-12 | 13-15 || total
-------------------------+-------+-------+-------+-------+-------++-------
Melee: Short sword       |    10 |       |       |       |       ||    10
       Hand axe          |       |       |    13 |     6 |    12 ||    31
 Cast: Foxfire           |    95 |   129 |   182 |    16 |       ||   422
       Sticky Flame      |       |     1 |    14 |    13 |    11 ||    39
       Fireball          |       |       |    40 |   172 |   136 ||   348
       Summon Guardian G |       |       |       |     7 |     3 ||    10
       Olgreb's Toxic Ra |       |       |       |    42 |    29 ||    71
       Gell's Gravitas   |       |       |       |     1 |       ||     1
       Ensorcelled Hiber |       |       |       |       |     1 ||     1
       Irradiate         |       |       |       |       |     1 ||     1
Invok: Potion Petition   |       |       |       |       |     2 ||     2
Evoke: Wand              |       |       |       |       |     4 ||     4
  Use: Scroll            |       |     3 |     4 |     8 |     7 ||    22
       Potion            |       |       |       |     8 |     3 ||    11
Armor: Robe              |     1 |     5 |     7 |       |       ||    13
       Steam dragon scal |       |       |     8 |    11 |    12 ||    31
Dodge: Dodged            |    16 |     5 |    52 |    23 |    23 ||   119
Block: Buckler           |       |       |       |     4 |    18 ||    22
       Reflection        |       |       |       |       |     3 ||     3

Table legend: (Time is in decaauts)
 A = Elapsed time spent in this place.
 B = Non-inter-level travel time spent in this place.
 C = Inter-level travel time spent in this place.
 D = Time resting spent in this place.
 E = Time spent auto-exploring this place.
 F = Levels seen in this place.
 G = Mean time per level.
                   A        B        C        D        E       F      G
               +--------+--------+--------+--------+--------+-----+--------+
         Total |  26477 |  25542 |    935 |   3723 |  18951 |  17 | 1557.5 |
       Dungeon |  24691 |  23764 |    927 |   2913 |  18185 |  15 | 1646.1 |
        Temple |     14 |      7 |      7 |      0 |      0 |   1 |   14.0 |
        Bailey |   1771 |   1771 |      0 |    810 |    766 |   1 | 1771.0 |
               +--------+--------+--------+--------+--------+-----+--------+

Top non-repeatable levels by time:
    D:14: 2369 daAuts
     D:9: 2318 daAuts
    D:11: 2282 daAuts
    D:12: 1984 daAuts
     D:5: 1789 daAuts
  Bailey: 1771 daAuts
     D:1: 1741 daAuts
     D:6: 1724 daAuts
    D:10: 1667 daAuts
     D:2: 1596 daAuts
     D:7: 1587 daAuts
     D:4: 1519 daAuts
     D:8: 1440 daAuts
     D:3: 1077 daAuts
    D:13: 994 daAuts
